Map: [ESL] Cosmic Sapphire

Players

Rhizer

  • Race: Protoss Protoss
  • Spawn Location: 5:00

Dolan - Winner!

  • Race: Terran Terran
  • Spawn Location: 11:00

Event: DreamHack SC2 Masters 2022 Valencia

VOD

Have the link to the VOD?

Description

Time

  • Played on: July 1, 2022, 2:05 p.m.
  • Length: 7:55

All games in this series

Show
View Real Time Build Order
Export as new Build Order

Rhizer Protoss 

Build Orders: 1 Gate Expand, Oracle Opening, Phoenix Opening 

Get SALT Encoding   

  12  0:00  Probe  
  13  0:12  Probe  
  14  0:19  Pylon  
  14  0:24  Probe  
  15  0:37  Probe (Chrono Boost)  
  15  0:38  Gateway  
  16  0:46  Probe (Chrono Boost), Assimilator  
  17  0:51  Probe  
  18  1:03  Probe  
  19  1:15  Probe  
  20  1:27  Cybernetics Core  
  20  1:36  Nexus  
  20  1:38  Probe  
  21  1:44  Pylon  
  21  1:50  Assimilator  
  21  1:53  Probe  
  22  2:00  Adept (Chrono Boost)  
  22  2:05  Probe  
  25  2:17  Probe  
  25  2:20  Stargate  
  25  2:21  Adept (Chrono Boost)  
  26  2:29  Probe  
  29  2:36  Warp Gate  
  28  2:41  Probe  
  29  2:44  Adept  
  29  2:50  Probe  
  33  3:03  Gateway  
  33  3:04  Phoenix (Chrono Boost)  
  32  3:07  Probe  
  35  3:12  Shield Battery  
  35  3:17  Probe  
  36  3:21  Phoenix (Chrono Boost)  
  36  3:22  Probe  
  39  3:29  Probe  
  39  3:34  Pylon  
  40  3:40  Adept  
  44  3:48  Oracle (Chrono Boost)  
  44  3:55  Shield Battery  
  45  3:56  Pylon  
  45  4:03  Probe x2  
  45  4:06  Pylon  
  47  4:17  Phoenix (Chrono Boost)  
  47  4:23  Gateway  
  49  4:32  Adept  
  49  4:33  Adept  
  49  4:34  Shield Battery  
  53  4:39  Phoenix (Chrono Boost)  
  55  4:49  Probe x2  
  57  4:53  Adept x2  
  53  5:08  Probe  
  45  5:16  Adept x2  
  44  5:24  Void Ray (Chrono Boost)  
  44  5:28  Probe x2  
  46  5:34  Adept  
  48  5:38  Adept x2  
  48  5:41  Shield Battery  
  52  5:42  Pylon  
  50  6:03  Zealot x2  
  58  6:04  Void Ray (Chrono Boost)  
  58  6:11  Shield Battery  
  56  6:12  Shield Battery  
  54  6:27  Stalker x2  
  58  6:38  Zealot  
  58  6:42  Shield Battery x2  
  58  7:00  Shield Battery  
  56  7:14  Pylon  
  56  7:17  Pylon  
  56  7:18  Shield Battery  
  56  7:27  Pylon  
  54  7:41  Adept  
  54  7:45  Pylon  
  54  7:49  Stalker x2  
Show
View Real Time Build Order
Export as new Build Order

Dolan Terran - Winner!

Build Orders: 1/1/1 

Get SALT Encoding   

  12  0:00  SCV  
  13  0:12  SCV  
  14  0:17  Supply Depot  
  14  0:24  SCV  
  14  0:27  Refinery  
  15  0:39  SCV  
  16  0:45  Barracks  
  16  0:51  SCV  
  17  0:59  Supply Depot  
  17  1:03  SCV  
  18  1:19  SCV  
  19  1:32  Marine  
  20  1:33  Orbital Command  
  20  1:37  Factory  
  20  1:47  Refinery  
  20  1:51  Barracks Reactor  
  20  1:58  SCV  
  21  2:11  SCV  
  22  2:21  Widow Mine  
  24  2:23  SCV  
  24  2:24  Supply Depot  
  24  2:26  Starport  
  24  2:28  Marine x2  
  27  2:37  SCV  
  27  2:42  Widow Mine  
  30  2:46  Marine x2  
  33  2:51  SCV  
  33  2:53  Engineering Bay  
  33  2:58  Supply Depot  
  33  3:02  Medivac  
  33  3:03  Factory Tech Lab  
  35  3:08  SCV  
  36  3:16  Marine x2  
  38  3:20  SCV  
  38  3:22  Missile Turret  
  39  3:28  Siege Tank  
  42  3:36  Marine x2  
  42  3:37  SCV  
  45  3:44  Viking  
  47  3:59  Supply Depot  
  47  4:17  Siege Tank, Marine x2  
  47  4:22  Supply Depot  
  50  4:33  Viking  
  50  4:34  Marine x2  
  54  4:50  Bunker  
  54  4:51  Missile Turret  
  54  4:59  Marine  
  55  5:06  Marine  
  44  5:16  Marine  
  44  5:33  Siege Tank  
  47  5:36  Marine x2  
  48  5:53  Liberator  
  51  6:01  Missile Turret  
  51  6:13  Siege Tank  
  54  6:29  Bunker  
  54  6:33  Marine x2  
  56  6:42  Viking  
  55  6:58  Missile Turret  
  55  7:07  Marine x2  
  57  7:09  Cyclone  
  60  7:24  Missile Turret  
  60  7:27  Bunker  
  60  7:34  Marine x2  
  60  7:45  Bunker  

Tags
 
Add a new tag
Caveats
  • Supply blocks, unpowered buildings, or Contaminate may cause inaccurate times.
  • Supply counts are checked every 10 seconds.